 Dungeon Crawl Stone Soup version 0.14.0-7-g2801ba0 (webtiles) character file.

245 Sabsy the Cudgeler (level 5, -3/47 HPs)
             Began as a Minotaur Chaos Knight on Apr 12, 2014.
             Was a Plaything of Xom.
             Slain by a scorpion (8 damage)
             ... on Level 3 of the Dungeon.
             The game lasted 00:15:30 (1993 turns).

Sabsy the Cudgeler (Minotaur Chaos Knight)          Turns: 1993, Time: 00:15:30

HP  -3/47        AC  5     Str 19      XL: 5   Next:  7%
MP   2/2         EV 10     Int  9      God: Xom
Gold 99          SH  8     Dex 10      Spells:  0 memorised,  4 levels left

rFire  + . .     SeeInvis .     a - +0 mace (chaos)
rCold  x . .     Clarity  +     b - +2 leather armour
rNeg   . . .     Conserve .     d - +2 buckler
rPois  .         rCorr    .     (helmet restricted)
rElec  .         rRot     .     (no cloak)
SustAb . .       Spirit   .     (no gloves)
rMut   .         Warding  .     (no boots)
Saprov . . .     Stasis   .     (no amulet)
MR     .....                    (no ring)
                                o - ring of fire

@: lethally poisoned, very slightly contaminated, not resistant to hostile
enchantments, very unstealthy
A: retaliatory headbutt, horns 2, clarity, strong 1, evolution 1
a: Renounce Religion


You were on level 3 of the Dungeon.
You worshipped Xom.
You were a beloved toy of Xom.
You were hungry.

You visited 1 branch of the dungeon, and saw 3 of its levels.

You collected 99 gold pieces.

Inventory:

Hand weapons
 a - a +0,+0 mace of chaos (weapon)
Missiles
 m - 7 curare-tipped needles
Armour
 b - a +2 leather armour (worn)
 d - a +2 buckler (worn)
Magical devices
 q - a wand of slowing (8)
Comestibles
 c - a bread ration
 j - a pear
 n - a rotting chunk of giant newt flesh
Scrolls
 e - a scroll of magic mapping
 h - a scroll of noise {unknown}
 i - 2 scrolls of enchant weapon II {unknown}
 l - 4 scrolls of remove curse
 p - 2 scrolls of enchant armour {unknown}
 r - 2 scrolls of recharging {unknown}
Jewellery
 o - a ring of fire (left hand)


   Skills:
 + Level 4.5 Fighting
 + Level 4.8 Maces & Flails
 + Level 3.9 Armour
 - Level 2.5 Dodging
 + Level 0.5 Shields


You had 4 spell levels left.
You didn't know any spells.

Dungeon Overview and Level Annotations

Branches:
Dungeon (3/15)

Altars:
Trog
The Shining One


Innate Abilities, Weirdness & Mutations

You reflexively headbutt those who attack you in melee.
You have a pair of horns on your head.
You possess an exceptional clarity of mind.
Your muscles are strong. (Str +2)
You evolve.


Message History

Drink which item? (? for menu, Esc to quit)
You feel better. Something stings you.
Read which item? (? for menu, Esc to quit)
As you read the scroll labeled HABOJO GIFED, it crumbles to dust.
The scroll dissolves into smoke.
It was a scroll of fog.
Something stings you.
* * * LOW HITPOINT WARNING * * *
Something stings you.
* * * LOW HITPOINT WARNING * * *
You are lethally poisoned!
Something poisons you!
Read which item? (? for menu, Esc to quit)
Okay, then.
Evoke which item? (* to show all) (? for menu, Esc to quit)
Zapping:
q - a wand of slowing {zapped: 3}
Press: ? - help, Shift-Dir - straight line
Aim: Disturbance (grey smoke) Nothing appears to happen.
* * * LOW HITPOINT WARNING * * *
You feel sick. Something stings you!
You die...

########## #........# #
+........# # #.###.....w..# #
#..s.........# #
##############'#+#### #
#.....§§# #.#
#########.....§§######.#######
.......%'.....§§@{§............
#########.....§§##§........###
#.....§§##.........#
#.......##.........#
#.......##.........#
#.......##...#.....#
##########...###.### #...#
#§#.###### #...# #.#.......


There were no monsters in sight!

Vanquished Creatures
  2 adders (D:2)
  3 gnolls (D:2)
  2 worms
  A giant gecko (D:3)
  5 orcs (D:3)
  8 bats
  12 hobgoblins
  5 jackals (D:1)
  6 kobolds
  5 giant cockroaches
  5 giant newts
  6 goblins
  A quokka (D:3)
  22 rats
83 creatures vanquished.

Vanquished Creatures (collateral kills)
  A gnoll (D:2)
1 creature vanquished.

Grand Total: 84 creatures vanquished

Notes
Turn   | Place    | Note
--------------------------------------------------------------
     0 | D:1      | Sabsy, the Minotaur Chaos Knight, began the quest for the Orb.
     0 | D:1      | Reached XP level 1. HP: 19/19 MP: 1/1
     5 | D:1      | XOM: divination: magic mapping
    52 | D:1      | Reached XP level 2. HP: 18/27 MP: 1/1
    72 | D:1      | Reached skill level 4 in Maces & Flails
   438 | D:1      | Reached XP level 3. HP: 33/33 MP: 2/2
   455 | D:1      | XOM: harmless Fire miscast
   530 | D:1      | XOM: cast spell 'Stoneskin'
   531 | D:1      | XOM: polymorph giant gecko -> jackal
   636 | D:1      | XOM: give mutations
   636 | D:1      | Gained mutation: You evolve. [Xom's grace]
   636 | D:1      | Gained mutation: You possess an exceptional clarity of mind. [Xom's grace]
   844 | D:2      | XOM: polymorph giant gecko -> adder
  1035 | D:2      | XOM: god gift: 46 gold pieces
  1061 | D:2      | Reached XP level 4. HP: 30/40 MP: 2/2
  1187 | D:2      | XOM: enchant monster (good)
  1548 | D:3      | Gained mutation: Your muscles are strong. (Str +2) [evolution]
  1668 | D:3      | XOM: 3-stop teleportation journey
  1820 | D:3      | Reached XP level 5. HP: 47/47 MP: 2/2
  1825 | D:3      | Found a glowing golden altar of the Shining One.
  1825 | D:3      | Found a bloodstained altar of Trog.
  1993 | D:3      | Slain by a scorpion

Action                   |  1- 3 |  4- 6 || total
-------------------------+-------+-------++-------
Melee: Mace              |   108 |    75 ||   183
Evoke: Wand              |     1 |     3 ||     4
  Use: Potion            |       |     6 ||     6
       Scroll            |       |     5 ||     5
 Stab: Petrifying        |     1 |       ||     1
       Sleeping          |       |     1 ||     1
